 Dungeon Crawl Stone Soup version 0.24-a0-715-g0b739ee41d (webtiles) character file.

Game seed: 15958710550515789321, levelgen mode: deterministic

729 Engwar the Ducker (level 7, -2/48 (49) HPs)
             Began as an Octopode Wanderer on Sept 30, 2019.
             Was an Initiate of Gozag.
             Slain by Grinder (7 damage)
             ... while paralysed by Grinder
             ... on level 5 of the Dungeon.
             The game lasted 00:18:53 (4338 turns).

Engwar the Ducker (Octopode Wanderer)               Turns: 4338, Time: 00:18:54

HP:   -2/48 (49)    AC:  1    Str: 13    XL:     7   Next: 73%
MP:   8/8           EV:  2    Int: 15    God:    Gozag
Gold: 390           SH:  0    Dex: 11    Spells: 6/6 levels left

rFire    + . .     SeeInvis .   a - +2 mace
rCold    + . .     Gourm    .   j - +1 shield
rNeg     . . .     Faith    .   (helmet restricted)
rPois    +         Spirit   .   p - +4 amulet of reflection
rElec    +         Reflect  +   (no ring)
rCorr    +         Harm     .   (no ring)
MR       .....                  (no ring)
Stlth    +++.......             (no ring)
HPRegen  0.16/turn              (no ring)
MPRegen  0.11/turn              (no ring)
                                (no ring)
                                (no ring)

@: paralysed, resistant
A: almost no armour, stealthy swim, amphibious, 8 rings, constrict 8, camouflage
1, gelatinous body 1
a: Potion Petition, Call Merchant, Bribe Branch, Renounce Religion


You were on level 5 of the Dungeon.
You worshipped Gozag.
Gozag was aware of your devotion.
You were not hungry.

You visited 2 branches of the dungeon, and saw 6 of its levels.

You collected 458 gold pieces.
You paid 68 gold pieces to Gozag.

Inventory:

Hand Weapons
 a - a +2 mace (weapon)
 b - a +0 hunting sling
Missiles
 e - 100 stones (quivered)
Armour
 j - a +1 shield (worn)
Jewellery
 p - a +4 amulet of reflection (around mantle)
Wands
 k - a wand of clouds (6)
 o - a wand of random effects (11)
Scrolls
 f - 2 scrolls of enchant weapon {unknown}
 g - 2 scrolls of enchant armour
 h - a scroll of blinking {unknown}
 l - 2 scrolls of amnesia
 m - 3 scrolls of immolation
 q - a scroll of fog {unknown}
 r - a scroll of noise {unknown}
 t - a scroll of teleportation
 v - 2 scrolls of remove curse
 y - a scroll of magic mapping {unknown}
 z - a scroll of holy word {unknown}
Potions
 d - a potion of flight
 i - 3 potions of lignification
 s - a potion of might {unknown}
 u - a potion of degeneration {unknown}
 w - a potion of heal wounds {unknown}
 x - a potion of magic {unknown}
 A - a potion of haste {unknown}
 B - a potion of brilliance {unknown}
Comestibles
 c - 5 rations


   Skills:
 + Level 4.9 Fighting
 - Level 4.0 Maces & Flails
 - Level 1.0 Throwing
 + Level 7.2 Dodging
 - Level 1.3 Stealth
 - Level 2.1 Evocations


You had 6 spell levels left.
You didn't know any spells.
Your spell library was empty.

Dungeon Overview and Level Annotations

Branches:
Dungeon (5/15)             Temple (1/1) D:4

Altars:
Ashenzari
Cheibriados
Elyvilon
Fedhas
Gozag
Kikubaaqudgha
Makhleb
Nemelex Xobeh
Okawaru
Qazlal
Ru
Trog
Uskayaw
Vehumet
Xom
Yredelemnul
The Shining One

Annotations:
D:2 Jessica, Sigmund
D:5 Grinder


Innate Abilities, Weirdness & Mutations

You cannot wear most types of armour.
You are very stealthy in the water. (Stealth+)
You are amphibious.
You can wear up to eight rings at the same time.
You can use your tentacles to constrict eight enemies at once.
Your skin changes colour to match your surroundings (Stealth+).
Your rubbery body absorbs attacks. (AC +1, EV +1)


Message History

You hit Grinder but do no damage. You squeeze Grinder.
Grinder is moderately wounded.
You constrict Grinder. Grinder gestures at you.
You struggle to resist.
You hit Grinder but do no damage.
Grinder is moderately wounded.
You constrict Grinder. You block Grinder's attack. Grinder gestures at you.
You suddenly lose the ability to move!
You lose your grip on Grinder.
Grinder gestures at you.
You shrug off the repeated paralysis!
Grinder hits you!
You writhe in agony.
Grinder hits you.
* * * LOW HITPOINT WARNING * * *
You writhe in agony.
* * * LOW HITPOINT WARNING * * *
Grinder hits you!
You die...
Your body crumbles into a pile of gold.

#....[..#.#.##.#...#
#.......#.#.#......#
...._.....#......<.#
#.......#.#.......###
#.......#...........#
##.....##.........#.#
###.####.##.....##.#
... ...###..5###.###...
####.####.....@.#..(..#
............(#
#####.......##
#.......# #.......#
#........# #...?[..#.#
#########.# #


You could see Grinder.

Vanquished Creatures
  A necrophage (D:5)
  A water moccasin zombie (D:5)
  A crimson imp (D:5)
  A bullfrog zombie (D:5)
  A hound (D:5)
  A centaur skeleton (D:4)
  2 orc priests (D:4)
  2 jellies (D:2)
  2 orc wizards (D:4)
  A bullfrog skeleton (D:4)
  Natasha (thrice) (D:2)
  A worker ant (D:4)
  5 adders
  An ooze (D:2)
  2 worms (D:3)
  2 dart slugs
  A leopard gecko (D:3)
  10 orcs
  3 ball pythons
  3 giant cockroaches
  7 goblins
  3 hobgoblins
  2 iguanas
  12 jackals
  A quokka (D:2)
  7 bats
  3 frilled lizards
  8 kobolds
  6 rats
93 creatures vanquished.

Notes
Turn   | Place    | Note
-------+----------+-------------------------------------------
     0 | D:1      | Engwar the Octopode Wanderer began the quest for the Orb.
     0 | D:1      | Engwar set off with the following items: a +2 mace, 2
                  | potions of lignification, a ration
     0 | D:1      | Reached XP level 1. HP: 17/17 MP: 1/1
    96 | D:1      | Reached skill level 1 in Dodging
   233 | D:1      | Reached XP level 2. HP: 20/22 MP: 2/2
   264 | D:1      | Reached skill level 2 in Dodging
   403 | D:1      | Reached XP level 3. HP: 22/27 MP: 3/3
   643 | D:2      | Reached skill level 3 in Dodging
   773 | D:2      | You fall into a shaft and drop 2 floors!
   840 | D:4      | Reached XP level 4. HP: 26/33 MP: 4/4
   897 | D:3      | Reached skill level 4 in Dodging
  1184 | D:2      | Found a white marble altar of Elyvilon.
  1196 | D:2      | Noticed Natasha
  1209 | D:2      | Killed Natasha
  1209 | D:2      | Reached XP level 5. HP: 26/37 MP: 5/5
  1541 | D:2      | Reached skill level 5 in Dodging
  1650 | D:2      | Found a shimmering altar of Xom.
  1691 | D:2      | Noticed Natasha
  1757 | D:2      | Killed Natasha
  1757 | D:2      | Reached XP level 6. HP: 26/43 MP: 6/6
  1786 | D:2      | Noticed Natasha
  1926 | D:2      | Killed Natasha
  2122 | D:2      | Noticed Jessica
  2124 | D:2      | Noticed Sigmund
  2350 | D:3      | Found a glowing golden altar of the Shining One.
  2630 | D:3      | Reached skill level 6 in Dodging
  3118 | D:4      | Found a blossoming altar of Fedhas.
  3197 | D:4      | Found a staircase to the Ecumenical Temple.
  3219 | D:4      | Reached skill level 1 in Evocations
  3277 | Temple   | Entered the Ecumenical Temple
  3361 | Temple   | Became a worshipper of Gozag Ym Sagoz the Greedy
  3483 | D:4      | Reached XP level 7. HP: 40/48 MP: 8/8
  3945 | D:5      | Entered Level 5 of the Dungeon
  4246 | D:5      | Found a sparkling altar of Nemelex Xobeh.
  4272 | D:5      | Reached skill level 7 in Dodging
  4321 | D:5      | Noticed Grinder
  4334 | D:5      | Paralysed by Grinder for 6 turns
  4338 | D:5      | Slain by Grinder

Levels and vault maps discovered:
D:1:      lightli_arrival_farm, layout_rooms
D:2:      wander_river, layout_basic, elyvilon_altar_3, dk_xom_monty_hall,
          uniq_sigmund, uniq_jessica, uniq_natasha
D:3:      layout_basic, lemuel_round_altar
D:4:      layout_cave_pods, minmay_temple_entry_stoned_glass, serial_bayou,
          serial_bayou_pond_b, serial_bayou_shore_b, serial_bayou_lagoon_b,
          serial_bayou_pond_a, serial_bayou_pond_b, serial_bayou_lake_a,
          fedhas_altar_1
D:5:      layout_loops_ring, old_standard_altar, first_ration, uniq_grinder
Temple:   eino_temple_rhombus

Skill      XL: |  1  2  3  4  5  6  7 |
---------------+----------------------+-----
Dodging        | 1 2 3 4 5 6 7 |  7.2
Evocations     | 2 |  2.1
Fighting       | |  4.9
Maces & Flails | |  4.0
Throwing       | |  1.0
Stealth        | |  1.3

Action                   |  1- 3 |  4- 6 |  7- 9 || total
-------------------------+-------+-------+-------++-------
Melee: Mace              |    50 |   120 |    48 ||   218
       Constrict         |    10 |    27 |    14 ||    51
       Tentacles         |     5 |    16 |    14 ||    35
 Fire: Hunting sling     |     5 |    12 |    10 ||    27
  Use: Scroll            |       |     6 |     3 ||     9
       Potion            |       |     3 |     2 ||     5
 Stab: Sleeping          |     3 |     4 |       ||     7
       Invisible         |       |       |     1 ||     1
  Eat: Chunk             |       |     5 |       ||     5
       Ration            |       |     1 |     1 ||     2
Armor: Skin              |     3 |     7 |       ||    10
Dodge: Dodged            |    22 |    81 |    22 ||   125
Block: Other             |       |     7 |       ||     7
       Shield            |       |    14 |    38 ||    52

Table legend:
 A = Non-vault XP
 B = Vault XP
 C = Vault XP percentage of total XP
 D = Non-vault monster count
 E = Vault monster count
 F = Vault count percentage of total count
                 A         B        C        D         E       F
            +---------+---------+-------+---------+---------+-------
      Total |     922 |     120 |  11.5 |      89 |       4 |   4.3
            +---------+---------+-------+---------+---------+-------
        D:1 |      41 |       0 |   0.0 |      24 |       0 |   0.0
        D:2 |     133 |     120 |  47.4 |      21 |       4 |  16.0
        D:3 |      66 |       0 |   0.0 |      12 |       0 |   0.0
        D:4 |     297 |       0 |   0.0 |      17 |       0 |   0.0
        D:5 |     385 |       0 |   0.0 |      15 |       0 |   0.0
            +---------+---------+-------+---------+---------+-------
